 Dungeon Sprint DCSS version 0.26-a0-851-g735459dd53 (webtiles) character file.

Game seed: 12371185938642180115

14 Conn the Firebug (level 2, 0/25 HPs)
             Began as an Octopode Fire Elementalist on Nov 21, 2020.
             Was a Believer of Vehumet.
             Slain by an ufetubus (3 damage)
             ... in the Dungeon (Sprint VII: "The Pits").
             The game lasted 00:01:53 (513 turns).

Conn the Firebug (Octopode Fire Elementalist)        Turns: 513, Time: 00:01:54

Health: 0/25       AC:  1    Str:  7    XL:     2   Next: 41%
Magic:  4/5        EV: 13    Int: 17    God:    Vehumet [**....]
Gold:   0          SH:  0    Dex: 12    Spells: 4/6 levels left

rFire    . . .     SeeInvis .   a - +2 dagger
rCold    . . .     Faith    .   (no shield)
rNeg     . . .     Spirit   .   (helmet restricted)
rPois    .         Reflect  .   (no amulet)
rElec    .         Harm     .   (no ring)
rCorr    .         Rampage  .   (no ring)
MR       .....     NoTele   +   (no ring)
Stlth    ..........             (no ring)
HPRegen  0.08/turn              (no ring)
MPRegen  0.09/turn              (no ring)
                                (no ring)
                                (no ring)

@: berserking, very quick
A: almost no armour, stealthy swim, amphibious, 8 rings, constrict 8, camouflage
1, gelatinous body 1
a: Renounce Religion


You were in the Dungeon.
You worshipped Vehumet.
Vehumet was pleased with you.
You visited 1 branch

Inventory:

Hand Weapons
 a - a +2 dagger (weapon)
Scrolls
 g - a scroll of blinking
 i - 3 scrolls of remove curse
 j - 5 scrolls of amnesia
 k - a scroll of summoning
Potions
 b - a potion of curing
 c - a potion of heal wounds
 d - a potion of haste
 e - 4 potions of magic
 f - 2 potions of berserk rage
 h - 2 potions of invisibility


   Skills:
 + Level 0.1 Fighting
 + Level 0.2 Short Blades
 + Level 2.3 Dodging
 + Level 3.1 Stealth
 * Level 2.7 Spellcasting
 * Level 2.0 Conjurations
 + Level 4.3 Fire Magic


You had 4 spell levels left.
You knew the following spells:

 Your Spells              Type           Power        Failure   Level
a - Foxfire               Conj/Fire      ##..         4%          1
b - Sandblast             Erth           #.....       19%         1

Your spell library contained the following spells:

 Spells                   Type           Power        Failure   Level
 Magic Dart               Conj           #...         8%          1
 Conjure Flame            Conj/Fire      ##......     14%         3
 Inner Flame              Hex/Fire       #.......     22%         3
 Sticky Flame             Conj/Fire      ##......     43%         4
 Fireball                 Conj/Fire      ##........   78%         5


Dungeon Overview and Level Annotations

Branches:
Dungeon (1/1)

Altars:
Ashenzari
Cheibriados
Dithmenos
Elyvilon
Fedhas
Gozag
Hepliaklqana
Kikubaaqudgha
Makhleb
Nemelex Xobeh
Okawaru
Qazlal
Ru
Sif Muna
Trog
Uskayaw
Vehumet
Wu Jian
Xom
Yredelemnul
Zin
The Shining One
Beogh
Jiyva
Lugonu


Innate Abilities, Weirdness & Mutations

You cannot wear most types of armour.
You are very stealthy in the water. (Stealth+)
You are amphibious.
You can wear up to eight rings at the same time.
You can use your tentacles to constrict eight enemies at once.
Your skin changes colour to match your surroundings (Stealth+).
Your rubbery body absorbs attacks. (AC +1, EV +1)


Message History

There is an open door here.
The adder skeleton bites you.
There is an open door, spattered with blood here.
Casting: Foxfire (safe; 4% risk of failure)
Confirm with . or Enter, or press ? or * to list all spells.
Okay, then.
Unknown command.
Unknown command.
Unknown command.
A red film seems to cover your vision as you go berserk!
You feel yourself moving faster!
You feel mighty! The ufetubus hits you. The ufetubus barely misses you.
You barely miss the ufetubus. Your grab misses the ufetubus.
The ufetubus hits you. x2
* * * LOW HITPOINT WARNING * * *
You hit the ufetubus. You grab the ufetubus.
The ufetubus is almost dead.
You constrict the ufetubus, but do no damage.
The ufetubus hits you.
You die...

#_________.# #_________.#
#_______...###########++
##########'##...........
#.?(.')))'.##......#..#
##########.##..........
#.........รท.'...........
#+#####'#####......#..#.
#...#@# #...........
#...#5# ####'#####+
#...'Z# #.......# ##Z####
#.......# #...5.#
#.......# #)....#
#...<...# #........
#.......#
#........##.......#
###########.......#


You could see an ufetubus and an adder skeleton.

Vanquished Creatures
  An ufetubus (D)
  2 bat zombies (D)
  A hobgoblin (D)
  2 jackals (D)
  A frilled lizard (D)
  A kobold (D)
8 creatures vanquished.

Vanquished Creatures (others)
  13 foxfires (D)
13 creatures vanquished.

Grand Total: 21 creatures vanquished

Notes
Turn   | Place    | Note
-------+----------+-------------------------------------------
     0 | D        | Conn the Octopode Fire Elementalist began the quest for the
                  | Orb.
     0 | D        | Reached XP level 1. HP: 11/11 MP: 3/3
    43 | D        | Found a bloodstained altar of Trog.
    43 | D        | Found a shimmering blue altar of Sif Muna.
    43 | D        | Found a viscous altar of Jiyva.
    43 | D        | Found a hazy altar of Hepliaklqana.
    43 | D        | Found an opulent altar of Gozag.
    44 | D        | Found a glowing golden altar of the Shining One.
    44 | D        | Found a glowing silver altar of Zin.
    44 | D        | Found a basalt altar of Yredelemnul.
    44 | D        | Found a shimmering altar of Xom.
    44 | D        | Found an ornate altar of the Wu Jian Council.
    44 | D        | Found a sacrificial altar of Ru.
    44 | D        | Found a stormy altar of Qazlal.
    44 | D        | Found an iron altar of Okawaru.
    44 | D        | Found a sparkling altar of Nemelex Xobeh.
    44 | D        | Found a burning altar of Makhleb.
    44 | D        | Found a blossoming altar of Fedhas.
    44 | D        | Found a white marble altar of Elyvilon.
    44 | D        | Found a shadowy altar of Dithmenos.
    44 | D        | Found a snail-covered altar of Cheibriados.
    46 | D        | Found a corrupted altar of Lugonu.
    46 | D        | Found a radiant altar of Vehumet.
    46 | D        | Found a roughly hewn altar of Beogh.
    47 | D        | Found an ancient bone altar of Kikubaaqudgha.
    47 | D        | Found a hide-covered altar of Uskayaw.
    47 | D        | Found a broken altar of Ashenzari.
    54 | D        | Became a worshipper of Vehumet
    80 | D        | Reached * piety under Vehumet
    80 | D        | Offered knowledge of Sandblast by Vehumet.
   341 | D        | Learned a level 1 spell: Sandblast
   355 | D        | Reached skill level 4 in Fire Magic
   358 | D        | Reached XP level 2. HP: 10/17 MP: 3/5
   492 | D        | Reached ** piety under Vehumet
   492 | D        | Offered knowledge of Magic Dart by Vehumet.
   513 | D        | Slain by an ufetubus

Illustrated notes

Levels and vault maps discovered:
D:        pitsprint [storerooms_1, entrance_room_1, metal_vault_5, armoury_1,
          mini_pit_1, grid_room_1, main_hall_1, silver_pit, the_coven_1,
          the_vestibule_1, steel_vault_3, golden_pit, hallway_of_sentries,
          crystal_vault_2, iron_vault_4, final_vault]

Skill      XL: |  1  2 |
---------------+-------+-----
Stealth        | 3 |  3.1
Fire Magic     | 4 |  4.3
Conjurations   | 2 |  2.0
Fighting       | |  0.1
Short Blades   | |  0.2
Dodging        | |  2.3
Spellcasting   | |  2.7

Action                   || total
-------------------------++-------
Melee: Dagger            ||    14
       Constrict         ||     5
       Tentacles         ||     2
 Cast: Foxfire           ||     7
  Use: Potion            ||     1
Armor: Skin              ||     1
Dodge: Dodged            ||    19

Table legend: (Time is in decaauts)
 A = Elapsed time spent in this place.
 B = Non-inter-level travel time spent in this place.
 C = Inter-level travel time spent in this place.
 D = Time resting spent in this place.
 E = Time spent auto-exploring this place.
 F = Levels seen in this place.
 G = Mean time per level.
                   A        B        C        D        E       F      G
               +--------+--------+--------+--------+--------+-----+--------+
         Total |    512 |    512 |      0 |    378 |      0 |   1 |  512.0 |
       Dungeon |    512 |    512 |      0 |    378 |      0 |   1 |  512.0 |
               +--------+--------+--------+--------+--------+-----+--------+

Top non-repeatable levels by time:
       D: 512 daAuts
